[ AOE2 MATCH · #494425934 ]
UnrankedSicilians vs Byzantines
Player's team · WIN
[ REPLAY ANALYSIS · EXTRACTED FROM THE RECORDED GAME ]
Feudal
21:57
Castle
—
Imperial
—
| APM avg | 40.2 |
| APM peak | 77 |
| eAPM avg | 17.3 |
| Villagers / military | 50 / 0 |
Focus
⚔️ 27.8% · 🌾 72.2%
Fishing Ship ×21
Feudal
10:54
Castle
—
Imperial
—
| APM avg | 52.9 |
| APM peak | 111 |
| eAPM avg | 34.2 |
| Villagers / military | 42 / 7 |
Focus
⚔️ 29.5% · 🌾 70.5%
Fishing Ship ×10 · Militia ×4 · Spearman ×2 · Fire Galley ×1 · Unknown (2626) ×1
Match map
Initial resources + every placement click. Lines = walls · curves = elevation contours. ◆ gold · ⬟ stone · ● berries · ✦ relic · ◌ wall gap
Your base· Open — unwalled flank
[CL]iLoveWeed's base· Open — unwalled flank
Smoothed initial terrain · ◌ = detected wall gap · hover for details
Inputs per minute
— ChuckieMagnets - - [CL]iLoveWeed
Build order — ChuckieMagnets
113 actions detected in the replay
| 0:00 | Create | Villager (Male) |
| 0:01 | Create | Villager (Male) |
| 0:02 | Build | House |
| 0:04 | Build | House |
| 0:38 | Create | Villager (Male) ×2 |
| 1:34 | Create | Villager (Male) |
| 1:49 | Build | Lumber Camp |
| 2:05 | Create | Villager (Male) |
| 2:26 | Create | Villager (Male) |
| 2:41 | Build | House |
| 2:51 | Create | Villager (Male) |
| 2:51 | Create | Villager (Male) |
| 3:42 | Create | Villager (Male) |
| 3:42 | Create | Villager (Male) |
| 4:24 | Build | Dock |
| 4:33 | Create | Villager (Male) |
| 4:35 | Build | House |
| 4:52 | Create | Villager (Male) |
| 5:19 | Create | Villager (Male) |
| 5:20 | Create | Villager (Male) |
| 5:21 | Create | Fishing Ship |
| 5:40 | Research | Loom |
| 6:00 | Create | Fishing Ship |
| 6:24 | Create | Villager (Male) |
| 6:38 | Create | Fishing Ship |
| 7:04 | Create | Villager (Male) |
| 7:06 | Create | Fishing Ship |
| 7:30 | Build | House |
| 7:32 | Create | Villager (Male) |
| 7:34 | Create | Fishing Ship |
| 8:16 | Build | House |
| 8:39 | Build | Town Center |
| 8:46 | Create | Fishing Ship |
| 8:49 | Build | Palisade Wall |
| 9:10 | Create | Villager (Male) |
| 9:10 | Create | Villager (Male) |
| 9:21 | Create | Fishing Ship |
| 9:50 | Create | Fishing Ship |
| 9:55 | Create | Villager (Male) |
| 10:11 | Build | Palisade Wall |
| 10:27 | Create | Fishing Ship |
| 10:33 | Build | Palisade Wall |
| 10:44 | Build | Palisade Gate |
| 10:48 | Create | Villager (Male) |
| 10:49 | Create | Villager (Male) |
| 10:55 | Build | House |
| 10:59 | Build | Palisade Wall |
| 11:12 | Create | Fishing Ship |
| 11:17 | Build | Palisade Wall |
| 11:34 | Build | Palisade Wall |
| 11:36 | Create | Villager (Male) |
| 11:51 | Build | Palisade Wall |
| 11:59 | Create | Villager (Male) |
| 12:30 | Create | Villager (Male) |
| 13:07 | Create | Villager (Male) |
| 13:07 | Create | Villager (Male) |
| 13:07 | Create | Villager (Male) |
| 13:32 | Create | Fishing Ship |
| 13:32 | Create | Fishing Ship |
| 14:08 | Create | Villager (Male) |
| 14:08 | Create | Villager (Male) |
| 14:08 | Create | Villager (Male) |
| 14:10 | Build | House |
| 14:24 | Create | Fishing Ship |
| 14:48 | Create | Villager (Male) |
| 14:48 | Create | Villager (Male) |
| 15:16 | Build | Palisade Wall |
| 15:19 | Build | Palisade Wall |
| 15:28 | Create | Villager (Male) |
| 15:37 | Create | Fishing Ship |
| 15:52 | Build | Mill |
| 15:56 | Build | Palisade Wall |
| 15:58 | Build | Palisade Wall |
| 16:02 | Create | Villager (Male) |
| 16:05 | Build | House |
| 16:47 | Build | Palisade Wall |
| 17:01 | Build | Town Center |
| 17:14 | Build | Dock |
| 17:29 | Create | Villager (Male) |
| 17:29 | Create | Villager (Male) |
| 17:29 | Create | Villager (Male) |
| 17:29 | Create | Villager (Male) |
| 17:30 | Create | Villager (Male) |
| 17:43 | Create | Fishing Ship |
| 17:43 | Create | Fishing Ship |
| 17:53 | Build | Palisade Wall |
| 17:59 | Create | Villager (Male) |
| 18:00 | Create | Villager (Male) |
| 18:00 | Create | Villager (Male) |
| 18:04 | Build | Dock |
| 18:18 | Build | Palisade Wall |
| 18:52 | Build | House |
| 19:11 | Create | Villager (Male) |
| 19:12 | Create | Villager (Male) |
| 19:17 | Research | Feudal Age |
| 20:23 | Create | Fishing Ship |
| 20:23 | Create | Fishing Ship |
| 20:28 | Build | Mining Camp |
| 21:13 | Create | Fishing Ship |
| 21:13 | Create | Fishing Ship |
| 21:13 | Create | Fishing Ship |
| 21:23 | Build | Palisade Wall |
| 21:28 | Build | Lumber Camp |
| 21:34 | Build | Lumber Camp |
| 21:45 | Build | Palisade Wall |
| 21:57 | Age | Feudal Age |
| 21:58 | Build | Palisade Wall |
| 22:10 | Research | Tech 906 |
| 22:14 | Research | Tech 906 |
| 22:24 | Create | Villager (Male) |
| 22:25 | Create | Villager (Male) |
| 22:25 | Create | Villager (Male) |
| 22:27 | Create | Villager (Male) |
Build order — [CL]iLoveWeed
80 actions detected in the replay
| 0:01 | Create | Villager (Male) ×4 |
| 0:02 | Build | House |
| 0:06 | Build | House |
| 0:09 | Build | House |
| 1:24 | Create | Villager (Male) |
| 1:24 | Create | Villager (Male) |
| 1:30 | Build | Lumber Camp |
| 2:05 | Create | Villager (Male) |
| 2:05 | Create | Villager (Male) |
| 2:26 | Create | Villager (Male) |
| 3:03 | Create | Villager (Male) |
| 3:03 | Create | Villager (Male) |
| 3:24 | Create | Villager (Male) |
| 3:51 | Build | Dock |
| 3:53 | Create | Villager (Male) |
| 3:54 | Create | Villager (Male) |
| 3:54 | Create | Villager (Male) |
| 4:01 | Research | Loom |
| 4:21 | Create | Villager (Male) |
| 4:21 | Create | Villager (Male) |
| 4:27 | Build | House |
| 5:13 | Create | Villager (Male) ×3 |
| 5:21 | Create | Fishing Ship |
| 5:21 | Create | Fishing Ship |
| 5:50 | Create | Fishing Ship |
| 6:28 | Build | House |
| 6:39 | Build | House |
| 6:45 | Build | Palisade Wall |
| 6:46 | Build | Palisade Wall |
| 6:48 | Create | Fishing Ship |
| 7:04 | Create | Villager (Male) |
| 7:21 | Build | Mill |
| 7:42 | Create | Villager (Male) |
| 7:47 | Create | Fishing Ship |
| 7:47 | Create | Fishing Ship |
| 8:28 | Create | Fishing Ship |
| 8:44 | Research | Feudal Age |
| 9:07 | Build | Barracks |
| 9:48 | Build | House |
| 9:59 | Build | Dock |
| 10:15 | Build | House |
| 10:29 | Create | Militia |
| 10:39 | Create | Fishing Ship |
| 10:54 | Age | Feudal Age |
| 11:39 | Create | Militia |
| 11:39 | Create | Militia |
| 11:42 | Create | Villager (Male) |
| 11:42 | Create | Villager (Male) |
| 11:42 | Create | Villager (Male) |
| 11:42 | Create | Villager (Male) |
| 11:46 | Create | Fishing Ship |
| 11:47 | Create | Fishing Ship |
| 13:02 | Create | Spearman |
| 13:03 | Create | Spearman |
| 14:05 | Build | Town Center |
| 14:18 | Build | Palisade Wall |
| 15:11 | Create | Villager (Male) ×5 |
| 15:58 | Create | Villager (Male) |
| 16:02 | Research | Man-at-Arms (upgrade) |
| 16:08 | Create | Militia |
| 16:30 | Build | Outpost |
| 16:38 | Build | House |
| 16:43 | Build | Palisade Wall |
| 16:47 | Build | House |
| 16:48 | Build | House |
| 16:49 | Build | House |
| 16:51 | Build | House |
| 16:55 | Build | Palisade Wall |
| 16:58 | Build | House |
| 17:47 | Create | Unit 2626 |
| 18:00 | Create | Villager (Male) |
| 18:00 | Create | Villager (Male) |
| 18:00 | Create | Villager (Male) |
| 18:26 | Build | Lumber Camp |
| 19:36 | Create | Villager (Male) ×5 |
| 20:21 | Build | House |
| 20:34 | Create | Villager (Male) |
| 20:35 | Create | Villager (Male) |
| 20:37 | Research | Man-at-Arms (upgrade) |
| 21:08 | Create | Fire Galley |
Match timeline
| 3:51 | [CL]iLoveWeed · first_building Dock |
| 4:24 | ChuckieMagnets · first_building Dock |
| 6:45 | [CL]iLoveWeed · wall_segment Palisade Wall x7 |
| 6:46 | [CL]iLoveWeed · wall_segment Palisade Wall x6 |
| 8:49 | ChuckieMagnets · wall_segment Palisade Wall x4 |
| 9:07 | [CL]iLoveWeed · first_building Barracks |
| 10:11 | ChuckieMagnets · wall_segment Palisade Wall x3 |
| 10:33 | ChuckieMagnets · wall_segment Palisade Wall x2 |
| 10:54 | [CL]iLoveWeed · age_up feudal |
| 10:59 | ChuckieMagnets · wall_segment Palisade Wall x6 |
| 11:17 | ChuckieMagnets · wall_segment Palisade Wall x4 |
| 11:34 | ChuckieMagnets · wall_segment Palisade Wall x3 |
| 11:51 | ChuckieMagnets · wall_segment Palisade Wall x3 |
| 14:18 | [CL]iLoveWeed · wall_segment Palisade Wall x1 |
| 15:16 | ChuckieMagnets · wall_segment Palisade Wall x4 |
| 15:19 | ChuckieMagnets · wall_segment Palisade Wall x3 |
| 15:56 | ChuckieMagnets · wall_segment Palisade Wall x2 |
| 15:58 | ChuckieMagnets · wall_segment Palisade Wall x3 |
| 16:43 | [CL]iLoveWeed · wall_segment Palisade Wall x15 |
| 16:47 | ChuckieMagnets · wall_segment Palisade Wall x1 |
| 16:55 | [CL]iLoveWeed · wall_segment Palisade Wall x1 |
| 17:53 | ChuckieMagnets · wall_segment Palisade Wall x16 |
| 18:18 | ChuckieMagnets · wall_segment Palisade Wall x6 |
| 21:23 | ChuckieMagnets · wall_segment Palisade Wall x4 |
| 21:45 | ChuckieMagnets · wall_segment Palisade Wall x1 |
| 21:57 | ChuckieMagnets · age_up feudal |
| 21:58 | ChuckieMagnets · wall_segment Palisade Wall x3 |
| 22:30 | [CL]iLoveWeed · resign |
[ AI ANALYSIS · 1 CREDIT ]
What really happened in this match?
Wolo.gg analyzes every decision: build order, eco, micro, common mistakes by bracket. Personalized analysis on WhatsApp or Discord in 30 seconds.
Civ guide
Sicilians
Perfil
Jugador #6854354